 Dungeon Crawl Stone Soup version 0.14-a0-3247-g5fd345f (webtiles) character file.

291 Psiweapon the Bolt Thrower (level 5, -7/30 HPs)
             Began as a Kobold Hunter on Mar 12, 2014.
             Mangled by a scorpion (9 damage)
             ... on Level 3 of the Dungeon.
             The game lasted 00:15:03 (3901 turns).

Psiweapon the Bolt Thrower (Kobold Hunter)          Turns: 3901, Time: 00:15:03

HP  -7/30        AC  5     Str 12      XL: 5   Next: 57%
MP   5/5         EV 13     Int 10      God:
Gold 142         SH  0     Dex 15      Spells:  3 memorised,  1 level left

rFire  . . .     SeeInvis .     u - +0 dagger (venom)
rCold  . . .     Clarity  .     d - +0 leather armour
rNeg   . . .     Conserve .     (no shield)
rPois  +         rCorr    .     (no helmet)
rElec  .         rRot     .     j - +0 cloak
SustAb . .       Spirit   .     z - +0 pair of gloves
rMut   .         Warding  .     (no boots)
Saprov + + .     Stasis   .     (no amulet)
MR     .....                    (no ring)
                                M - ring of poison resistance

@: hasted, very quick, not resistant to hostile enchantments, stealthy
A: disease resistance, carnivore 3, saprovore 2
a: no special abilities


You were on level 3 of the Dungeon.
You were completely stuffed.

You visited 1 branch of the dungeon, and saw 4 of its levels.

You collected 142 gold pieces.

Inventory:

Hand weapons
 a - a +0,+0 short sword
 b - a +1,+1 crossbow
 u - a +0,+0 dagger of venom (weapon)
 D - a +2,+3 dagger
 J - a +2,+2 cutlass
Missiles
 c - 46 bolts
 e - 5 steel darts (quivered)
 g - 23 darts of dispersal
 o - 5 steel tomahawks
 r - 4 silver darts
Armour
 d - a +0 leather armour (worn)
 j - a +0 cloak (worn)
 s - a +0 pair of gloves
 z - a +0 pair of gloves (worn)
Magical devices
 I - a wand of paralysis (9) {unknown}
Comestibles
 f - a meat ration
 k - 2 chunks of kobold flesh
Scrolls
 h - a scroll of noise {unknown}
 i - 2 scrolls of fear {unknown}
 n - 2 scrolls of enchant weapon I {unknown}
 q - a scroll of blinking {unknown}
 t - 3 scrolls of remove curse {unknown}
 v - 2 scrolls of immolation {unknown}
 x - 3 scrolls of fog {unknown}
 y - 2 scrolls of teleportation {unknown}
 B - a scroll of enchant armour {unknown}
 F - 2 scrolls of amnesia {unknown}
Jewellery
 M - a ring of poison resistance (left hand)
Potions
 l - a potion of lignification
 m - a potion of restore abilities
 p - 2 potions of agility
 C - a potion of resistance
Books
 G - a book of Cantrips

   Spells                             Type                      Level
   Confusing Touch                    Hexes                        1
   *Animate Skeleton                  Necromancy                   1
   *Summon Small Mammal               Summoning                    1
   *Apportation                       Translocation                1


   Skills:
 - Level 2.1 Fighting
 + Level 1.3 Short Blades
 * Level 6.6 Crossbows
 - Level 2.4 Dodging
 + Level 3.7 Stealth


You had one spell level left.
You knew the following spells:

 Your Spells              Type           Power        Failure   Level  Hunger
a - Animate Skeleton      Necr           N/A          38%         1    ##.....
b - Summon Small Mammal   Summ           #...         38%         1    ##.....
c - Apportation           Tloc           #.........   38%         1    ##.....


Dungeon Overview and Level Annotations

Branches:
Dungeon (4/15)
 Temple: D:4-7

Altars:

Annotations:
D:4 Blork the orc


Innate Abilities, Weirdness & Mutations

You recuperate from illness quickly.
You are small and have problems with some larger weapons.
You are carnivorous and can eat meat at any time.
You can eat rotten meat.


Message History

You hit the scorpion but do no damage.
The scorpion is poisoned.
The scorpion stings you but does no damage.
The scorpion stings you!
Your magical contamination has completely faded away.
The scorpion looks more healthy.
You completely miss the scorpion.
The scorpion is severely wounded.
The scorpion stings you.
* * * LOW HITPOINT WARNING * * *
You are poisoned.
The scorpion poisons you!
You hit the scorpion.
The scorpion is severely wounded.
You feel sick.
You are no longer poisoned.
The scorpion stings you.
* * * LOW HITPOINT WARNING * * *
Drink which item? (? for menu, Esc to quit)
You feel yourself speed up. The scorpion stings you!
You die...

#...).......# #...........#
#...........# #....[......#
#...........########
#.................>#
#....)......#.####.#
#...........#s# #.#
#.......)...#@# #.#
#...........#.# #.#
############'###.####.########
..# #.................#
..##############.####.######.#
...................z..# #.#
..##########......###.######.#
..# #z###.<##.........# ..#
#z# #..##..########


You could see a scorpion.

Vanquished Creatures
  An orc wizard (D:4)
  4 adders
  3 giant geckos (D:1)
  6 orcs
  2 ball pythons (D:3)
  7 bats
  4 giant cockroaches
  4 hobgoblins
  4 jackals
  3 quokkas
  3 giant newts
  9 goblins
  11 kobolds
  8 rats
69 creatures vanquished.

Vanquished Creatures (collateral kills)
  A giant gecko (D:3)
  A hobgoblin (D:3)
2 creatures vanquished.

Vanquished Creatures (others)
  2 bat skeletons
  2 goblin skeletons
4 creatures vanquished.

Grand Total: 75 creatures vanquished

Notes
Turn   | Place    | Note
--------------------------------------------------------------
     0 | D:1      | Psiweapon, the Kobold Hunter, began the quest for the Orb.
     0 | D:1      | Reached XP level 1. HP: 12/12 MP: 1/1
    56 | D:1      | Reached skill level 5 in Crossbows
   206 | D:1      | Reached XP level 2. HP: 16/16 MP: 2/2
   670 | D:1      | Reached XP level 3. HP: 16/21 MP: 3/3
  1614 | D:2      | Reached XP level 4. HP: 19/26 MP: 4/4
  2119 | D:2      | Reached skill level 6 in Crossbows
  2195 | D:2      | Learned a level 1 spell: Animate Skeleton
  2197 | D:2      | Learned a level 1 spell: Summon Small Mammal
  2199 | D:2      | Learned a level 1 spell: Apportation
  3041 | D:3      | Reached XP level 5. HP: 21/30 MP: 5/5
  3475 | D:3      | Reached skill level 1 in Short Blades
  3864 | D:4      | Noticed Blork the orc
  3901 | D:3      | Mangled by a scorpion

Action                   |  1- 3 |  4- 6 || total
-------------------------+-------+-------++-------
Melee: Short sword       |    43 |       ||    43
       Dagger            |    38 |    69 ||   107
 Fire: Crossbow          |    21 |    39 ||    60
Throw: Dart              |    16 |     1 ||    17
 Cast: Animate Skeleton  |       |    11 ||    11
  Use: Scroll            |       |     7 ||     7
       Potion            |       |     1 ||     1
 Stab: Sleeping          |     2 |     1 ||     3
